Map: Abyssal Reef LE

Players

Dark

  • Race: Zerg Zerg
  • Spawn Location: 5:00

TYTY - Winner!

  • Race: Terran Terran
  • Spawn Location: 11:00

VOD

Have the link to the VOD?

Description

Time

  • Played on: July 26, 2017, 11:50 p.m.
  • Length: 12:50
Show
View Real Time Build Order
Export as new Build Order

Dark Zerg 

Build Orders: Pool First, Muta Ling Bane 

Get SALT Encoding   

  12  0:00  Drone  
  13  0:13  Overlord  
  13  0:17  Drone  
  14  0:31  Drone x2  
  16  0:37  Drone  
  17  0:45  Extractor  
  17  0:47  Drone  
  17  0:52  Spawning Pool  
  16  0:57  Drone  
  17  1:08  Drone  
  18  1:19  Hatchery  
  18  1:23  Drone  
  18  1:29  Drone  
  19  1:39  Queen  
  21  1:42  Zergling x2  
  22  1:48  Metabolic Boost  
  22  1:57  Overlord  
  22  2:15  Drone x2, Queen  
  26  2:28  Drone  
  27  2:31  Queen  
  29  2:37  Drone  
  29  2:38  Drone  
  30  2:46  Drone  
  30  2:48  Overlord  
  30  2:49  Drone x2  
  33  2:56  Overlord  
  33  2:57  Drone  
  34  3:00  Pneumatized Carapace  
  34  3:05  Zergling x2  
  34  3:06  Drone  
  36  3:16  Drone x2  
  38  3:20  Overlord  
  38  3:25  Drone  
  38  3:26  Drone x3  
  42  3:39  Hatchery  
  41  3:41  Zergling x2  
  41  3:42  Zergling x2  
  41  3:44  Queen  
  41  3:46  Drone  
  41  3:48  Drone  
  47  3:50  Drone  
  47  3:54  Zergling x4  
  50  3:59  Drone  
  50  4:00  Drone  
  52  4:05  Drone x2  
  54  4:11  Drone  
  54  4:14  Drone x2  
  54  4:16  Lair  
  57  4:21  Queen  
  59  4:24  Drone  
  59  4:25  Overlord  
  59  4:30  Extractor  
  59  4:31  Extractor  
  59  4:33  Zergling x4, Overlord  
  60  4:39  Overlord, Evolution Chamber x2  
  60  4:40  Drone  
  60  4:43  Baneling Nest  
  60  4:45  Drone  
  59  4:47  Spore Crawler  
  59  4:48  Drone  
  59  4:53  Drone x2  
  59  4:54  Drone  
  59  4:57  Drone  
  63  5:02  Drone  
  63  5:03  Drone x4  
  68  5:11  Zerg Melee Weapons Level 1  
  67  5:15  Drone x4  
  71  5:21  Drone  
  71  5:28  Drone x3  
  75  5:29  Drone  
  75  5:30  Drone  
  75  5:31  Zerg Ground Armor Level 1  
  78  5:35  Zergling x4  
  78  5:36  Zergling x2  
  78  5:42  Drone x2  
  82  5:45  Drone x4  
  82  5:46  Drone  
  82  5:49  Centrifical Hooks  
  87  5:54  Extractor  
  87  5:55  Extractor  
  87  5:56  Extractor  
  84  5:57  Drone x3  
  84  6:00  Hatchery  
  86  6:11  Hatchery  
  86  6:12  Drone  
  86  6:14  Drone  
  86  6:16  Zergling x2  
  86  6:17  Zergling x2  
  89  6:18  Spire  
  85  6:26  Drone x2  
  88  6:32  Zergling x2  
  88  6:33  Zergling x2  
  88  6:34  Overlord x4  
  88  6:35  Overlord x2  
  89  6:55  Zergling x20  
  89  6:56  Baneling x6  
  89  6:57  Baneling x2  
  99  7:05  Baneling  
  99  7:06  Zergling x14, Baneling x3  
  106  7:13  Zerg Melee Weapons Level 2  
  106  7:15  Zergling x2  
  107  7:27  Zerg Ground Armor Level 2  
  107  7:28  Drone x9  
  116  7:32  Mutalisk  
  116  7:33  Mutalisk x3  
  116  7:34  Mutalisk  
  126  7:39  Mutalisk  
  126  7:43  Zergling x6  
  131  7:49  Zergling x2  
  131  7:50  Zergling x4  
  114  8:14  Zergling x8  
  114  8:15  Zergling x2  
  114  8:16  Overseer, Zerg Flyer Weapons Level 1  
  114  8:17  Drone x5  
  114  8:18  Drone x2  
  118  8:21  Mutalisk x4  
  118  8:22  Drone x2  
  118  8:23  Drone  
  118  8:24  Baneling x3  
  128  8:28  Zergling x18  
  128  8:29  Baneling x3  
  129  8:43  Zergling x2  
  129  8:44  Zergling x18  
  120  8:49  Mutalisk  
  120  8:50  Mutalisk x2  
  120  8:52  Zergling x10  
  130  8:57  Overseer  
  130  9:00  Zergling x4  
  130  9:01  Baneling x3  
  132  9:03  Baneling x2  
  132  9:04  Baneling  
  132  9:06  Baneling  
  132  9:08  Zergling x4  
  132  9:09  Overlord  
  133  9:10  Overlord  
  133  9:11  Baneling  
  125  9:22  Zergling x18  
  125  9:23  Zergling x10  
  124  9:24  Baneling x3  
  124  9:25  Baneling  
  122  9:32  Zergling x16  
  122  9:34  Baneling x3  
  122  9:37  Mutalisk  
  132  9:42  Mutalisk x2  
  136  9:49  Zergling x2  
  136  9:50  Zergling x10  
  142  9:57  Zergling x12  
  142  9:58  Baneling x2  
  143  10:09  Mutalisk x3  
  143  10:11  Overlord  
  143  10:13  Zergling x2  
  149  10:14  Overlord x2  
  143  10:26  Mutalisk x4  
  143  10:28  Zergling x6  
  143  10:33  Drone x2  
  143  10:34  Drone x3  
  148  10:36  Baneling x3  
  148  10:40  Drone x4  
  148  10:53  Overseer  
  148  10:54  Mutalisk x3  
  154  10:58  Zergling x8  
  154  11:01  Hatchery  
  154  11:02  Baneling x7  
  154  11:04  Baneling  
  157  11:10  Drone x5  
  162  11:24  Overlord  
  162  11:28  Drone x4  
  162  11:29  Overlord x3  
  162  11:31  Zergling x2  
  162  11:32  Zergling x14  
  174  11:39  Baneling, Hatchery  
  173  11:40  Baneling x4  
  173  11:41  Overlord x2  
  168  11:52  Zergling x8  
  168  11:53  Zergling x22  
  175  11:56  Baneling x9  
  175  11:57  Baneling x2  
  175  11:58  Baneling  
  175  12:03  Baneling x6  
  175  12:04  Baneling x2  
  175  12:08  Zergling x10  
  171  12:15  Zergling x2  
  171  12:20  Zergling x12  
  148  12:31  Zergling x22  
Show
View Real Time Build Order
Export as new Build Order

TYTY Terran - Winner!

Build Orders: Reaper Expand, Bio Mine 

Get SALT Encoding   

  12  0:00  SCV  
  13  0:12  SCV  
  14  0:23  Supply Depot  
  14  0:24  SCV  
  15  0:44  SCV  
  15  0:45  Barracks  
  15  0:47  Refinery  
  16  0:56  SCV  
  17  1:08  SCV  
  18  1:21  SCV  
  19  1:32  Reaper  
  20  1:34  Orbital Command  
  20  1:42  Command Center  
  20  1:51  Supply Depot  
  20  1:59  SCV  
  21  2:04  Marine  
  21  2:07  Factory  
  22  2:11  SCV  
  23  2:21  Refinery  
  23  2:23  SCV  
  23  2:26  Barracks Reactor  
  24  2:35  SCV  
  25  2:48  SCV  
  26  2:55  Orbital Command  
  26  2:57  Starport  
  26  3:00  SCV  
  26  3:05  Hellion x2  
  31  3:11  Barracks Tech Lab  
  31  3:12  SCV  
  31  3:21  SCV  
  31  3:24  SCV  
  31  3:26  Hellion x2  
  37  3:33  Medivac  
  39  3:35  SCV  
  39  3:36  SCV  
  41  3:43  Supply Depot  
  41  3:47  SCV  
  41  3:48  SCV  
  43  3:55  Marine x2  
  43  3:59  SCV, Supply Depot, Factory Tech Lab  
  46  4:04  SCV  
  46  4:11  SCV  
  46  4:13  Marine x2  
  46  4:16  SCV  
  50  4:17  Raven  
  50  4:20  Supply Depot  
  50  4:23  Command Center  
  52  4:25  SCV  
  53  4:31  Marine x2  
  53  4:35  SCV  
  56  4:40  SCV, Siege Tank  
  56  4:44  Supply Depot  
  60  4:48  SCV, Refinery  
  60  4:49  Marine x2  
  60  4:50  Refinery  
  63  4:55  SCV  
  64  5:00  SCV  
  64  5:02  Supply Depot  
  67  5:07  SCV  
  67  5:12  SCV  
  67  5:17  Raven  
  67  5:18  Marine  
  67  5:19  SCV  
  67  5:20  Stimpack  
  71  5:24  SCV  
  71  5:25  Factory Reactor  
  71  5:27  Barracks  
  72  5:30  Barracks  
  72  5:31  SCV  
  73  5:36  SCV, Marine  
  76  5:43  SCV  
  76  5:47  Orbital Command  
  76  5:48  SCV  
  77  5:50  Engineering Bay  
  77  5:51  Engineering Bay  
  77  5:54  Marine  
  77  5:55  SCV  
  79  6:00  SCV  
  80  6:07  Starport Reactor  
  80  6:08  SCV  
  80  6:09  Factory Reactor  
  81  6:12  SCV, Marine  
  81  6:14  Barracks x2  
  83  6:20  SCV  
  83  6:23  Marine x2, Orbital Command  
  83  6:24  SCV  
  87  6:27  Terran Infantry Weapons Level 1  
  87  6:28  Terran Infantry Armor Level 1, Liberator  
  88  6:33  Supply Depot, Marine  
  88  6:34  SCV  
  88  6:36  SCV  
  92  6:41  Marine  
  92  6:42  Marine  
  92  6:45  Supply Depot, Medivac, Missile Turret  
  92  6:46  SCV  
  100  6:47  Widow Mine  
  100  6:49  SCV  
  100  6:50  Supply Depot  
  100  6:51  Supply Depot  
  101  6:54  Widow Mine, Marine x3  
  101  6:58  SCV  
  101  7:01  SCV  
  108  7:02  SCV  
  108  7:03  Barracks Reactor  
  108  7:04  Barracks Reactor  
  108  7:05  Supply Depot  
  108  7:06  Supply Depot, Marine  
  110  7:10  SCV  
  110  7:13  SCV  
  110  7:14  SCV, Supply Depot  
  113  7:16  Medivac, Widow Mine  
  113  7:18  Marine x3  
  113  7:20  Combat Shields  
  120  7:23  Marine  
  120  7:24  Marine  
  120  7:26  SCV x2  
  124  7:30  Armory  
  124  7:33  Medivac, Widow Mine  
  124  7:35  SCV  
  124  7:36  Marine x3  
  132  7:39  Marine x3  
  132  7:41  Marine, Missile Turret  
  132  7:42  Marine  
  137  7:46  SCV  
  137  7:47  SCV  
  139  7:57  Marine x2  
  139  7:58  Marine  
  135  8:11  SCV x2  
  133  8:13  Marine x2  
  133  8:14  Marine x2, Widow Mine x2  
  133  8:16  Medivac x2  
  133  8:17  SCV  
  133  8:19  Supply Depot, Marine  
  143  8:20  Marine x2  
  143  8:27  Factory  
  146  8:29  Marine x2  
  146  8:30  Command Center  
  146  8:34  Marine x3  
  146  8:38  Marine x2  
  146  8:39  SCV x2  
  151  8:43  Widow Mine x2  
  151  8:45  SCV  
  151  8:47  Supply Depot, Refinery  
  151  8:48  Marine x4  
  156  8:51  SCV  
  156  8:52  Medivac, Marine x3  
  161  8:55  Marine  
  161  8:58  Marine  
  161  9:02  Terran Infantry Armor Level 2  
  163  9:06  Marine  
  164  9:10  Marine x2  
  159  9:19  Marine x3  
  159  9:20  Widow Mine x2  
  159  9:23  Terran Infantry Weapons Level 2  
  150  9:26  Medivac x2  
  150  9:28  Marine x2, Marauder  
  150  9:29  Marine x2  
  150  9:30  Marine  
  161  9:34  SCV x2, Terran Vehicle Weapons Level 1  
  161  9:37  Thor, Marine  
  168  9:39  Marine x2  
  168  9:41  Refinery, Supply Depot  
  170  9:45  Marine  
  170  9:46  Marine  
  170  9:48  Marine x3  
  170  9:49  Marauder  
  177  9:55  Marine, Widow Mine  
  177  9:56  Widow Mine  
  177  9:57  Supply Depot  
  182  10:01  Barracks  
  182  10:02  Barracks  
  182  10:03  SCV x2  
  182  10:06  Marine x3  
  182  10:07  Marine, Missile Turret  
  180  10:11  Marine x4  
  182  10:28  Thor, Widow Mine x2, Missile Turret  
  148  10:29  Marine x6  
  148  10:30  Marine x2, Marauder, Missile Turret  
  168  10:35  Planetary Fortress  
  166  10:45  Sensor Tower  
  166  10:48  Bunker  
  166  10:49  Marine x8  
  168  10:50  Barracks Tech Lab  
  168  10:51  Barracks Tech Lab  
  168  10:52  Marauder  
  170  10:59  Widow Mine x2  
  170  11:00  Supply Depot  
  170  11:01  Missile Turret  
  170  11:02  Missile Turret  
  174  11:06  Marine x2  
  174  11:10  Drilling Claws  
  176  11:13  Marauder  
  176  11:18  SCV x2  
  179  11:20  Thor  
  185  11:26  Marine x2  
  185  11:27  Marine x2, Marauder  
  189  11:38  Marine x4, Marauder x2  
  189  11:39  Command Center  
  192  11:53  Marine x4  
  188  11:54  Marauder  
  188  11:56  Marine x2  
  188  11:58  Widow Mine  
  188  11:59  Widow Mine  
  194  12:15  Marine x4  
Tags
 
Add a new tag
Caveats
  • Supply blocks, unpowered buildings, or Contaminate may cause inaccurate times.
  • Supply counts are checked every 10 seconds.